 Dungeon Crawl Stone Soup version 0.21.1-1-g345015f (webtiles) character file.

44829 Hebeh the Cleaver (level 13, 0/123 HPs)
             Began as a Deep Dwarf Fighter on June 19, 2018.
             Was the Champion of Makhleb.
             Slain by a sixfirhy (1 damage)
             ... summoned by an orc high priest
             ... on level 2 of the Orcish Mines on June 20, 2018.
             The game lasted 02:30:56 (19020 turns).

Hebeh the Cleaver (Deep Dwarf Fighter)             Turns: 19020, Time: 02:30:57

Health: 0/123      AC: 16    Str: 27    XL:     13   Next: 98%
Magic:  0/0        EV:  8    Int: -6 (2) God:    Makhleb [******]
Gold:   1975       SH: 16    Dex: 26    Spells: 12/12 levels left

rFire    + . .     SeeInvis +   b - +8 morningstar of Gehenna {protect, rElec rPois Str+3 Int-3}
rCold    . . .     Gourm    .   c - +1 shield
rNeg     . . .     Faith    .   N - +5 ring mail of Gakoitt {rElec rF+ Int-5 Dex+9}
rPois    +         Spirit   .   I - +0 helmet
rElec    +         Reflect  +   i - +0 cloak
rCorr    .         Harm     .   Q - +0 pair of gloves
MR       +....                  k - +0 pair of boots
Stlth    +.........             V - +3 amulet of reflection
HPRegen  0.00/turn              U - +5 ring of dexterity
MPRegen  0.07/turn              D - ring of see invisible

@: non-regenerating, slowed, lost intelligence, very heavily drained, very slow
A: damage resistance, heal wounds, sense surroundings 2, no regeneration
a: Heal Wounds, Minor Destruction, Lesser Servant of Makhleb, Major Destruction,
Greater Servant of Makhleb, Renounce Religion


You were on level 2 of the Orcish Mines.
You worshipped Makhleb.
Makhleb was exalted by your worship.
You were not hungry.

You visited 4 branches of the dungeon, and saw 22 of its levels.

You collected 2053 gold pieces.
You spent 78 gold pieces at shops.

Inventory:

Hand Weapons
 b - the +8 morningstar of Gehenna (weapon) {protect, rElec rPois Str+3 Int-3}
   (You found it on level 1 of the Lair of Beasts)

   It protects the one who uses it against injury (+AC on strike).
   It affects your strength (+3).
   It affects your intelligence (-3).
   It insulates you from electricity.
   It protects you from poison.
 X - a +6 war axe
Armour
 c - a +1 shield (worn)
 i - a +0 cloak (worn)
 k - a +0 pair of boots (worn)
 I - a +0 helmet (worn)
 N - the +5 ring mail of Gakoitt (worn) {rElec rF+ Int-5 Dex+9}
   (You found it on level 8 of the Dungeon)

   It affects your intelligence (-5).
   It affects your dexterity (+9).
   It protects you from fire.
   It insulates you from electricity.
 Q - a +0 pair of gloves (worn)
Jewellery
 a - an uncursed ring of flight
 t - a +4 ring of strength
 z - a +3 ring of strength
 A - a +2 ring of protection
 D - a ring of see invisible (right hand)
 U - a +5 ring of dexterity (left hand)
 V - a +3 amulet of reflection (around neck)
 W - an uncursed ring of protection from fire
Wands
 m - a wand of digging (15)
 q - a wand of polymorph (27)
 x - a wand of paralysis (12)
 y - a wand of random effects (82)
 L - a wand of flame (32)
 M - a wand of acid (7)
 O - a wand of iceblast (14)
Scrolls
 j - 5 scrolls of immolation
 r - a scroll of magic mapping
 s - 2 scrolls of amnesia
 u - 9 scrolls of teleportation
 B - a scroll of blinking
 F - 9 scrolls of remove curse
 H - 4 scrolls of enchant armour
 K - 2 scrolls of brand weapon {unknown}
 R - a scroll of silence {unknown}
 Y - 2 scrolls of enchant weapon
Potions
 d - 4 potions of might
 g - a potion of berserk rage
 h - 3 potions of agility
 n - 2 potions of haste
 o - 3 potions of lignification
 w - 2 potions of curing
 E - a potion of cancellation
 T - a potion of resistance {unknown}
 Z - a potion of brilliance {unknown}
Books
 v - a book of Air

   Spells                             Type                      Level
   a - Shock                          Conjuration/Air              1
   b - Swiftness                      Charms/Air                   2
   c - Static Discharge               Conjuration/Air              3
   d - Airstrike                      Air                          4
   e - Lightning Bolt                 Conjuration/Air              5
 S - a book of Maledictions

   Spells                             Type                      Level
   a - Corona                         Hexes                        1
   b - Ensorcelled Hibernation        Hexes/Ice                    2
   c - Confuse                        Hexes                        3
   d - Tukima's Dance                 Hexes                        3
   e - Dazzling Spray                 Conjuration/Hexes            3
Miscellaneous
 P - a fan of gales (inert)
Comestibles
 f - 33 rations
 l - 15 chunks of flesh


   Skills:
 + Level 10.0(4.6) Fighting
 - Level 11.8(7.7) Axes
 * Level 10.7(6.7) Maces & Flails
 + Level 11.6(5.9) Armour
 + Level 11.6(6.0) Shields
 - Level 3.7(0.0) Invocations
 + Level 9.3(4.0) Evocations


You had 12 spell levels left.
You didn't know any spells.

Dungeon Overview and Level Annotations

Branches:
Dungeon (14/15)            Temple (1/1) D:4            Lair (5/6) D:8
  Swamp (0/4) Lair:2       Spider (0/4) Lair:2          Orc (2/2) D:10
    Elf (0/3) Orc:2
  Slime: Lair:5-6    Vaults: D:13-14

Altars:
Ashenzari
Cheibriados
Dithmenos
Elyvilon
Fedhas
Gozag
Hepliaklqana
Kikubaaqudgha
Makhleb
Nemelex Xobeh
Okawaru
Qazlal
Ru
Sif Muna
Trog
Uskayaw
Vehumet
Wu Jian
Xom
Yredelemnul
Zin
The Shining One

Shops:
D:6 !   D:8 %(}*   D:10 ?   Orc:1 *   Orc:2 }

Annotations:
D:6 exclusion: oklob plant


Innate Abilities, Weirdness & Mutations

You are resistant to damage.
You can heal yourself by infusing magical energy.
You passively map the area around you.
You do not regenerate.


Message History

You block the red devil's attack.
The red devil hits you but does no damage.
The orc sorcerer points at you and mumbles some strange words.
The bolt of fire hits the red devil.
The red devil completely resists.
The bolt of fire hits you! You resist.
* * * LOW HITPOINT WARNING * * *
The orc sorcerer casts a spell at you.
The bolt of negative energy hits the red devil.
The red devil completely resists.
The bolt of negative energy hits the ice devil.
The ice devil completely resists.
The bolt of negative energy hits you!
You feel drained.
* * * LOW HITPOINT WARNING * * *
You block the red devil's attack.
You almost manage to decipher the scroll, but fail in this attempt.
The orc sorcerer no longer looks unusually strong.
You block the sixfirhy's attack. x2; The sixfirhy hits you.
* * * LOW HITPOINT WARNING * * *
The sixfirhy shocks you. You resist.
You die...

.........................<....##
.......................))......#
........................)......##
.....................#..........#
..........................).....#
........................#......##
................................#
.............o4................##
............oo43@.............##
#.........o3..4o.........#.....#*
###...#.......oo....#...........
##....##............#...#.....##
#......###..........#...#...#
##...4## ##.............# ..#* #
##.53# #.............# #.
####...# *##...............
#.#...## *................. ,


You could see 3 orc knights, an orc high priest, an ice devil, a sixfirhy, a
neqoxec, 2 orc sorcerers, 2 red devils and an orc warrior.

Vanquished Creatures
  Josephine (D:10)
  A hydra (D:12)
  2 vault guards (D:13)
  2 centaur warriors (D:13)
  The ghost of Thian the Protected, a journeyman GrFi of Okawaru (Orc:2)
  2 two-headed ogres
  The ghost of tidbits the Martial Artist, a novice GnTm of Cheibriados (D:11)
  Nergalle (D:10)
  3 unseen horrors
  A flayed ghost (D:10)
  An orc knight (Orc:2)
  A deep elf mage (D:12)
  3 orc sorcerers
  3 ugly things
  2 manticores
  2 cyclopes
  A gargoyle (D:13)
  4 spiny frogs
  A rime drake (Lair:1)
  2 kobold demonologists (D:13)
  3 komodo dragons
  2 queen bees
  7 trolls
  A hornet (shapeshifter) (D:9)
  A tyrant leech (shapeshifter) (D:12)
  23 blink frogs
  9 hippogriffs
  3 wyverns
  8 yaks
  2 basilisks (Lair:2)
  7 fire bats (D:10)
  12 wraiths
  A hungry ghost (D:10)
  3 wargs
  An acid dragon (D:9)
  5 porcupines
  7 water moccasins
  Duvessa (D:4)
  15 orc warriors
  4 black bears
  6 ice beasts
  2 necrophages
  4 sky beasts
  8 ogres
  3 phantoms
  The ghost of Thian the Skirmisher, an amateur DsAK of Lugonu (D:3)
  7 wolves
  8 centaurs
  10 crocodiles
  7 big kobolds
  10 bullfrogs
  A wyvern zombie (D:13)
  2 scorpions
  Dowan (D:4)
  2 water moccasin skeletons (D:7)
  49 killer bees
  10 wights
  2 howler monkeys
  2 bullfrog zombies
  6 crimson imps
  5 centaur zombies
  10 hounds
  A centaur skeleton (D:10)
  11 orc priests
  A jelly (D:10)
  6 bullfrog skeletons
  3 iguanas
  20 orc wizards
  14 worker ants
  A hound zombie (D:6)
  A hound skeleton (D:7)
  11 adders
  3 gnolls (D:3)
  A howler monkey skeleton (D:10)
  3 shadow imps
  2 oozes
  3 adder skeletons (D:4)
  A worm (D:3)
  2 dart slugs (D:2)
  9 leopard geckos
  69 orcs
  78 bats
  6 giant cockroaches
  7 goblins
  9 hobgoblins
  4 jackals (D:1)
  6 quokkas
  3 ball pythons
  11 frilled lizards
  A giant cockroach zombie (D:5)
  27 kobolds
  A quokka zombie (D:7)
  7 rats
  4 fungi
  5 plants
637 creatures vanquished.

Vanquished Creatures (others)
  An ogre (D:6)
  2 centaurs
  A howler monkey (D:6)
  An orc priest (Orc:2)
  A worker ant (D:6)
  An adder (D:6)
  An orc (D:6)
  A giant cockroach (D:6)
  A quokka zombie (D:6)
  10 fungi
20 creatures vanquished.

Grand Total: 657 creatures vanquished

Notes
Turn   | Place    | Note
-------+----------+-------------------------------------------
     0 | D:1      | Hebeh the Deep Dwarf Fighter began the quest for the Orb.
     0 | D:1      | Reached XP level 1. HP: 20/20 MP: 1/1
    82 | D:1      | Reached XP level 2. HP: 25/27 MP: 2/2
   335 | D:1      | Reached XP level 3. HP: 22/33 MP: 3/3
  1488 | D:3      | Reached XP level 4. HP: 23/42 MP: 3/3
  1736 | D:3      | Noticed Thian's ghost (amateur DsAK)
  1748 | D:3      | Killed Thian's ghost
  1748 | D:3      | Reached skill level 1 in Evocations
  1748 | D:3      | Reached XP level 5. HP: 25/49 MP: 2/4
  2018 | D:3      | Found a hazy altar of Hepliaklqana.
  2259 | D:4      | Noticed Duvessa
  2261 | D:4      | Noticed Dowan
  2275 | D:4      | Killed Dowan
  2283 | D:4      | Reached XP level 6. HP: 31/56 MP: 4/4
  2287 | D:4      | Killed Duvessa
  2420 | D:4      | Reached skill level 5 in Axes
  2707 | D:4      | Found a deep blue altar of Sif Muna.
  2839 | D:4      | Found a staircase to the Ecumenical Temple.
  3036 | Temple   | Entered the Ecumenical Temple
  3530 | D:5      | Entered Level 5 of the Dungeon
  3550 | D:5      | Reached XP level 7. HP: 40/63 MP: 5/5
  3752 | D:5      | Reached skill level 5 in Armour
  3752 | D:5      | Reached skill level 5 in Shields
  3842 | D:5      | Found a bloodstained altar of Trog.
  3940 | D:5      | Reached XP level 8. HP: 53/73 MP: 7/7
  4255 | D:6      | Found a burning altar of Makhleb.
  4287 | D:6      | Became a worshipper of Makhleb the Destroyer
  4317 | D:6      | Noticed an oklob plant
  4431 | D:6      | Found Mufam's Distillery.
  4446 | D:6      | Reached skill level 5 in Evocations
  4499 | D:6      | Found a stormy altar of Qazlal.
  4500 | D:6      | Found a blossoming altar of Fedhas.
  4513 | D:6      | Found a shimmering altar of Xom.
  4546 | D:6      | Reached skill level 5 in Fighting
  4599 | D:6      | Found a shadowy altar of Dithmenos.
  4954 | D:6      | Gained mutation: You passively map the area around you. [Deep Dwarf growth]
  4954 | D:6      | Reached XP level 9. HP: 62/81 MP: 8/8
  4963 | D:6      | Reached * piety under Makhleb
  5439 | D:7      | Noticed a troll
  5457 | D:7      | Killed a troll
  5796 | D:7      | Found a glowing silver altar of Zin.
  5953 | D:8      | Found Peun Ihi's Assorted Antiques.
  6028 | D:8      | Reached ** piety under Makhleb
  6092 | D:8      | Reached XP level 10. HP: 47/91 MP: 9/9
  6241 | D:8      | Reached skill level 10 in Axes
  6260 | D:8      | Found a staircase to the Lair.
  6321 | D:8      | Found Syilio's Food Boutique.
  6516 | D:8      | Found Naifya's Weapon Emporium.
  6563 | D:8      | Got a scorched ring mail
  6574 | D:8      | Identified the +5 ring mail of Gakoitt {rElec rF+ Int-5 Dex+9} (You found it on level 8 of the Dungeon)
  6680 | D:8      | Reached *** piety under Makhleb
  6685 | D:8      | Found Vuqa's Gadget Shoppe.
  6907 | Lair:1   | Entered Level 1 of the Lair of Beasts
  6998 | D:9      | Reached skill level 1 in Invocations
  7390 | D:9      | Noticed a two-headed ogre
  7677 | Lair:1   | Noticed a spiny frog
  7747 | Lair:1   | Killed a spiny frog
  7747 | Lair:1   | Reached XP level 11. HP: 29/100 MP: 7/7
  8064 | Lair:1   | Got a faintly glowing morningstar
  8185 | D:8      | Identified the +8 morningstar of Gehenna {protect, rElec rPois Str+3 Int-3} (You found it on level 1 of the Lair of Beasts)
  8445 | Lair:1   | Reached skill level 1 in Maces & Flails
  9110 | Lair:1   | Identified a scroll of acquirement
  9162 | Lair:1   | Reached **** piety under Makhleb
  9374 | Lair:2   | Found a hole to the Spider Nest.
  9813 | Lair:2   | Found a staircase to the Swamp.
 10445 | Lair:3   | Reached XP level 12. HP: 110/110 MP: 5/5
 11147 | Lair:3   | Reached skill level 5 in Maces & Flails
 11661 | D:9      | Paralysed by a hornet for 2 turns
 11737 | D:9      | Found a hide-covered altar of Uskayaw.
 12059 | D:9      | Found a radiant altar of Vehumet.
 12126 | D:9      | Killed a two-headed ogre
 12237 | D:10     | Entered Level 10 of the Dungeon
 12336 | D:10     | Noticed Nergalle
 12364 | D:10     | Killed Nergalle
 12714 | D:10     | Found a staircase to the Orcish Mines.
 12952 | D:10     | Reached ***** piety under Makhleb
 13074 | D:10     | Reached skill level 10 in Armour
 13074 | D:10     | Reached skill level 10 in Shields
 13358 | D:10     | Found a sparkling altar of Nemelex Xobeh.
 13361 | D:10     | Found a deep blue altar of Sif Muna.
 13411 | D:10     | Found a runed door.
 13521 | D:10     | Found a deep blue altar of Sif Muna.
 13528 | D:10     | Found an ancient bone altar of Kikubaaqudgha.
 13572 | D:10     | Noticed Josephine
 13578 | D:10     | Killed Josephine
 13615 | D:10     | Found a sparkling altar of Nemelex Xobeh.
 13664 | D:10     | Found a blossoming altar of Fedhas.
 13796 | D:10     | Reached ****** piety under Makhleb
 13832 | D:10     | Found Toul's Magic Scroll Emporium.
 13835 | D:10     | Bought a scroll of identify for 26 gold pieces
 13835 | D:10     | Bought a scroll of identify for 26 gold pieces
 13835 | D:10     | Bought a scroll of identify for 26 gold pieces
 14428 | D:10     | Got a heavily jewelled robe
 14448 | D:10     | Identified the cursed +0 robe of Articulation {Str+3 Dex+3} (You found it on level 10 of the Dungeon)
 14517 | D:11     | Noticed tidbits's ghost (novice GnTm)
 14683 | D:11     | Reached XP level 13. HP: 121/121 MP: 6/6
 14760 | D:11     | Killed tidbits's ghost
 17080 | D:13     | Reached skill level 10 in Maces & Flails
 17527 | Orc:1    | Entered Level 1 of the Orcish Mines
 18031 | Orc:2    | Entered Level 2 of the Orcish Mines
 18031 | Orc:2    | Noticed Thian's ghost (journeyman GrFi)
 18332 | Orc:2    | Killed Thian's ghost
 18332 | Orc:2    | Reached skill level 10 in Fighting
 18533 | Orc:1    | Found Fabeiklu's Assorted Antiques.
 18838 | Orc:2    | Found a staircase to the Elven Halls.
 18909 | Orc:2    | Found Witof's Gadget Emporium.
 18922 | Orc:2    | Lost intelligence.
 19009 | Orc:2    | HP: 5/123 [orc sorcerer/bolt of negative energy (16)]
 19019 | Orc:2    | HP: 3/123 [orc sorcerer/bolt of negative energy (13)]
 19020 | Orc:2    | HP: 1/123 [sixfirhy[an orc high priest] (2)]
 19020 | Orc:2    | Slain by a sixfirhy

Skill      XL: |  1  2  3  4  5  6  7  8  9 10 11 12 13 |
---------------+----------------------------------------+-----
Axes           | 3 4 5 6 7 9 10 11 | 11.8
Fighting       | 3 4 5 6 7 9 10 | 10.0
Armour         | 4 5 6 7 8 9 10 11 | 11.6
Shields        | 4 5 6 7 8 9 10 11 | 11.6
Evocations     | 1 2 4 5 7 8 9 |  9.3
Invocations    | 2 3 |  3.7
Maces & Flails | 4 8 10 | 10.7

Action                   |  1- 3 |  4- 6 |  7- 9 | 10-12 | 13-15 || total
-------------------------+-------+-------+-------+-------+-------++-------
Melee: War axe           |   146 |   141 |   487 |   406 |     9 ||  1189
       Morningstar       |       |       |       |   679 |   535 ||  1214
 Abil: Heal Wounds       |     1 |     3 |    10 |    19 |    15 ||    48
Evoke: Fan of gales      |       |       |       |     1 |     1 ||     2
       Wand              |       |       |       |       |     4 ||     4
  Use: Scroll            |       |    10 |     5 |    13 |     6 ||    34
       Potion            |       |       |       |     1 |     5 ||     6
 Stab: Distracted        |       |       |       |     2 |       ||     2
  Eat: Chunk             |     2 |     4 |     8 |    26 |     6 ||    46
       Ration            |       |     1 |       |     2 |     2 ||     5
Armor: Scale mail        |    90 |    46 |       |       |       ||   136
       Chain mail        |       |    27 |   215 |    46 |       ||   288
       Ring mail         |       |       |       |   510 |   296 ||   806
Dodge: Dodged            |    60 |    44 |   115 |   384 |   218 ||   821
Block: Shield            |    76 |   109 |   312 |  1005 |   610 ||  2112
       Reflection        |       |       |       |       |    24 ||    24
